 Dungeon Crawl Stone Soup version 0.27.1 (webtiles) character file.

Game seed: 335057714223089682

520 MajorAdolf the Skirmisher (level 7, -3/105 HPs)
             Began as a Naga Wanderer on Aug 25, 2021.
             Was an Initiate of Dithmenos.
             Slain by an orc warrior (8 damage)
             ... on level 6 of the Dungeon.
             The game lasted 00:12:32 (7583 turns).

MajorAdolf the Skirmisher (Naga Wanderer)           Turns: 7583, Time: 00:12:33

Health: -3/105     AC: 23    Str: 18    XL:     7   Next: 21%
Magic:  7/7        EV:  1    Int: 13    God:    Dithmenos [......]
Gold:   253        SH:  0    Dex:  8    Spells: 3/6 levels left

rFire    + . .     SeeInvis +   y - +2 dagger (freeze)
rCold    + . .     Faith    .   (no shield)
rNeg     + + +     Spirit   .   (armour currently unavailable)
rPois    +         Reflect  .   (helmet currently unavailable)
rElec    .         Harm     .   (cloak currently unavailable)
rCorr    .         Rampage  .   (gloves currently unavailable)
Will     .....     NoTele   +   (no barding)
Stlth    ++........             k - amulet of magic regeneration
HPRegen  0.27/turn              h - ring of protection from cold
MPRegen  0.35/turn              x - ring of protection from fire

@: tree-form
A: stationary, stasis, torment immunity, boosted hp, AC +2, large, see
invisible, (deformed body), (poison resistance), (slowness 2), spit poison 1,
(naga tail 1)
a: Spit Poison, Renounce Religion


You were on level 6 of the Dungeon.
You worshipped Dithmenos.
Dithmenos was noncommittal.
You were a tree.
You visited 2 branches of the dungeon, and saw 7 of its levels.

You collected 253 gold pieces.

Inventory:

Hand Weapons
 a - a +2 dagger
 c - a +0 hand axe
 y - a +2 dagger of freezing (weapon)
Armour
 e - a +0 robe
 q - a +0 plate armour
 t - a +3 ring mail of poison resistance
 z - a +2 robe of willpower
 A - the +2 leather armour of Trumpets (melded) {Will+ Str+6 Int+3}
   (You found it on level 5 of the Dungeon)

   Str:       It affects your strength (+6).
   Int:       It affects your intelligence (+3).
   Will:      It increases your willpower.
Jewellery
 g - an amulet of guardian spirit
 h - a ring of protection from cold (left branch)
 k - an amulet of magic regeneration (around neck)
 m - a ring of flight
 x - a ring of protection from fire (right branch)
Wands
 f - a wand of mindburst (18)
Scrolls
 d - 3 scrolls of teleportation
 i - a scroll of noise {unknown}
Potions
 b - 2 potions of berserk rage
 j - a potion of degeneration
 n - 2 potions of flight
 p - a potion of curing
 s - 2 potions of ambrosia {unknown}
 u - 2 potions of brilliance {unknown}
 w - a potion of might {unknown}


   Skills:
 + Level 6.8 Fighting
 + Level 3.5 Short Blades
 - Level 1.0 Axes
 - Level 1.0 Armour
 - Level 1.0 Dodging
 - Level 5.0 Stealth
 - Level 1.0 Shields
 + Level 2.7 Ice Magic


You had 3 spell levels left.
You knew the following spells:

 Your Spells              Type           Power      Damage    Failure   Level
a - Ozocubu's Armour      Ice            7%         N/A       30%         3

Your spell library contained the following spells:

 Spells                   Type           Power      Damage    Failure   Level
 Apportation              Tloc           0%         N/A       30%         1
 Blink                    Tloc           N/A        N/A       43%         2
 Lesser Beckoning         Tloc           0%         N/A       67%         3
 Summon Lightning Spire   Summ/Air       0%         N/A       97%         4
 Manifold Assault         Tloc           0%         N/A       100%        5
 Ozocubu's Refrigeration  Ice            3%         4d5       100%        7
 Storm Form               Tmut/Air       0%         N/A       100%        7
 Maxwell's Capacitive Co  Air            0%         ∞         100%        8


Dungeon Overview and Level Annotations

Branches:
Dungeon (6/15)             Temple (1/1) D:5

Altars:
Ashenzari
Cheibriados
Dithmenos
Fedhas
Gozag
Hepliaklqana
Kikubaaqudgha
Makhleb
Nemelex Xobeh
Okawaru
Qazlal
Ru
Sif Muna
Trog
Uskayaw
Vehumet
Wu Jian
Xom
Yredelemnul
Zin
The Shining One

Annotations:
D:4 Dowan, Duvessa
D:5 exclusion: phantom


Innate Abilities, Weirdness & Mutations

You are a tree.
Your roots penetrate the ground, keeping you stationary.
You cannot be teleported.
You are immune to unholy pain and torment.
Your maximum health is greatly increased.
Your equipment is partially melded.
((Your serpentine skin is tough. (AC +2)))
You have supernaturally acute eyesight. (SInv)
((Armour fits poorly on your strangely shaped body.))
((Your system is resistant to poisons. (rPois)))
((You cover ground very slowly.))
You can spit poison.
((You have a snake-like lower body.))


Message History

An orc comes into view. It is wielding a +0 club.
The orc shouts!
An orc comes into view. It is wielding a +0 hand axe.
An orc warrior comes into view. It is wielding a +0 halberd.
Press: ? - help, Shift-Dir - straight line, f - orc
Aim: an orc, wielding a +0 club The splash of poison hits the orc.
The orc is poisoned.
The orc is severely wounded.
The orc warrior shouts!
You kill the orc!
Dithmenos accepts your kill.
You have got your breath back.
There is a shaft here.
An orc comes into view. It is wielding a +0 dagger.
The orc warrior hits you from afar with a +0 halberd!!
* * * LOW HITPOINT WARNING * * *
Unknown command.
The orc warrior hits you from afar with a +0 halberd!
* * * LOW HITPOINT WARNING * * *
An orc wizard comes into view. It is wielding a +0 dagger.
The orc warrior barely misses you.
Okay, then.
Okay, then.
You feel better.
You hear the quick rusting of a distant drain.
The orc warrior barely misses you.
You feel better.
The orc warrior hits you from afar with a +0 halberd.
Okay, then.
The orc hits you with a +0 dagger.
* * * LOW HITPOINT WARNING * * *
The orc warrior hits you with a +0 halberd!
* * * LOW HITPOINT WARNING * * *
The orc closely misses you.
Really quaff the potion of lignification?
You turn into a tree.
The +2 leather armour of Trumpets {Will+ Str+6 Int+3} melds into your body.
Your roots penetrate the ground.
The orc warrior hits you with a +0 halberd!
You die...

#...# #...# ##...#
.....#
#...############
.#...#..........#
.[..............#
.##.##.....)....###
.##.#######....o♣.##
....#####
##...oo..##
.##.))..#
#....o.^(.#
#.###..##.........#
#.# #............#
#.# ##..........#
#.# ##.........# #.#
####.........#
#.##..........)...#


You could see an orc warrior, an orc wizard and 2 orcs.

Vanquished Creatures
  A bullfrog (D:6)
  A scorpion (D:6)
  A howler monkey (D:5)
  A bullfrog zombie (D:6)
  A hound (D:4)
  2 orc priests
  A centaur skeleton (D:6)
  Natasha (thrice) (D:2)
  An orc wizard (D:4)
  3 adders
  A shadow imp (D:5)
  A white imp (D:5)
  2 ufetubi
  2 dart slugs (D:1)
  9 orcs
  2 ball pythons
  3 endoplasms
  3 giant cockroaches
  A hobgoblin (D:3)
  4 quokkas
  6 bats
  3 frilled lizards
  4 goblins
  2 kobolds
  6 rats
64 creatures vanquished.

Notes
Turn   | Place    | Note
-------+----------+-------------------------------------------
     0 | D:1      | MajorAdolf the Naga Wanderer began the quest for the Orb.
     0 | D:1      | MajorAdolf set off with the following items: a +2 dagger, a
                  | potion of berserk rage, a +0 hand axe, a scroll of
                  | teleportation, a +0 robe
     0 | D:1      | Reached XP level 1. HP: 25/25 MP: 1/1
   293 | D:1      | Reached XP level 2. HP: 32/32 MP: 2/2
   327 | D:1      | Found a faded altar of an unknown god.
   333 | D:1      | Got Plato's Papyrus of the Compass
  1223 | D:2      | Noticed Natasha
  1236 | D:2      | Noticed a crimson imp
  1259 | D:2      | Killed Natasha
  1260 | D:2      | Reached XP level 3. HP: 12/40 MP: 1/3
  1526 | D:2      | Reached skill level 1 in Short Blades
  1909 | D:2      | Noticed Natasha
  1920 | D:2      | Killed Natasha
  1921 | D:2      | Reached XP level 4. HP: 32/48 MP: 4/4
  2610 | D:2      | Noticed Natasha
  2618 | D:2      | Killed Natasha
  2619 | D:2      | Reached skill level 6 in Fighting
  3084 | D:3      | Reached XP level 5. HP: 47/55 MP: 2/5
  3259 | D:3      | Found a bloodstained altar of Trog.
  3341 | D:3      | Found an ornate altar of the Wu Jian Council.
  3350 | D:3      | Found an opulent altar of Gozag.
  3350 | D:3      | Found a blossoming altar of Fedhas.
  3351 | D:3      | Found a shimmering altar of Xom.
  3689 | D:4      | Learned a level 3 spell: Ozocubu's Armour
  3747 | D:4      | Noticed Dowan
  3976 | D:5      | Entered Level 5 of the Dungeon
  5607 | D:4      | Reached skill level 1 in Ice Magic
  5609 | D:4      | Reached XP level 6. HP: 20/63 MP: 6/6
  6396 | D:4      | Noticed Duvessa
  6553 | D:5      | Identified the +2 leather armour of Trumpets {Will+ Str+6
                  | Int+3}
  6626 | D:5      | Reached skill level 5 in Stealth
  6739 | D:5      | Found a staircase to the Ecumenical Temple.
  6752 | Temple   | Entered the Ecumenical Temple
  6908 | Temple   | Became a worshipper of Dithmenos the Shadowed
  7490 | D:6      | Reached XP level 7. HP: 23/70 MP: 4/7
  7582 | D:6      | HP: 3/70 [orc warrior (17)]
  7583 | D:6      | Slain by an orc warrior

Illustrated notes

Levels and vault maps discovered:
D:1:      dpeg_arrival_ratfight, layout_rooms,
          shapermc_ecumenical_altar_rom_forum, chequers_serial_rivers_micro_a
D:2:      layout_basic, kennysheep_big_empty_room, uniq_natasha
D:3:      layout_basic, chequers_temple_overflow_statue_of_worship,
          lightli_temple_of_fire
D:4:      layout_basic, uniq_duvessa
D:5:      layout_gridville, minmay_temple_entry_junction
D:6:      layout_rooms, gup_sewer_entry_spiral, hex_tiny
Temple:   regret_index_temple_sphere_string

Skill      XL: |  1  2  3  4  5  6 |
---------------+-------------------+-----
Stealth        | 2 3 4 5 |  5.0
Short Blades   | 1 2 3 |  3.5
Fighting       | 6 |  6.8
Ice Magic      | 1 2 |  2.7
Axes           | |  1.0
Armour         | |  1.0
Dodging        | |  1.0
Shields        | |  1.0

Action                   |  1- 3 |  4- 6 |  7- 9 || total
-------------------------+-------+-------+-------++-------
Melee: Dagger            |    46 |   149 |    20 ||   215
 Cast: Ozocubu's Armour  |       |     4 |       ||     4
 Abil: Spit Poison       |    17 |    34 |     1 ||    52
  Use: Potion            |     1 |     1 |     3 ||     5
       Scroll            |       |     8 |       ||     8
Armor: Robe              |     9 |     6 |       ||    15
       Ring mail         |       |    51 |       ||    51
       Leather armour    |       |    27 |    18 ||    45
Dodge: Dodged            |    20 |    92 |    13 ||   125
